 Dungeon Crawl Stone Soup version 0.22-a0-750-ga7dcef7 (webtiles) character file.

11283 Amnesiac the Geomancer (level 11, -1/72 HPs)
             Began as a Demonspawn Earth Elementalist on July 16, 2018.
             Was an Initiate of Gozag.
             Slain by an acid dragon (4 damage)
             ... on level 11 of the Dungeon.
             The game lasted 00:19:04 (11606 turns).

Amnesiac the Geomancer (DsEE)                      Turns: 11606, Time: 00:19:04

Health: -1/72      AC: 14    Str: 14    XL:     11   Next: 47%
Magic:  3/26       EV: 12    Int: 20    God:    Gozag
Gold:   2089       SH:  5    Dex: 13    Spells: 17/32 levels left

rFire    + . .     SeeInvis +   a - +0 dagger (drain)
rCold    + . .     Gourm    .   G - +0 buckler
rNeg     . . .     Faith    .   j - +2 leather armour {rPois}
rPois    +         Spirit   .   g - +0 helmet
rElec    .         Reflect  .   n - +0 cloak
rCorr    .         Harm     .   r - +0 pair of gloves
MR       .....                  (no boots)
Stlth    ++........             (no amulet)
HPRegen  0.22/turn              C - ring of protection from cold
MPRegen  0.20/turn              D - ring of see invisible

@: mighty, gold aura, sanguine armour
A: fire resistance 1, powered by pain 2, flame cloud immunity, sanguine armour 1
a: Potion Petition, Call Merchant, Bribe Branch, Renounce Religion


You were on level 11 of the Dungeon.
You worshipped Gozag.
Gozag was most pleased with you.
You were not hungry.

You visited 2 branches of the dungeon, and saw 12 of its levels.
You also visited: Ossuary.

You collected 2281 gold pieces.
You paid 192 gold pieces to Gozag.

Inventory:

Hand Weapons
 a - a +0 dagger of draining (weapon)
 b - a +0 arbalest
Missiles
 t - 143 stones (quivered)
 L - 14 bolts
Armour
 g - a +0 helmet (worn)
 j - a +2 leather armour of poison resistance (worn)
 n - a +0 cloak (worn)
 r - a +0 pair of gloves (worn)
 G - a +0 buckler (worn)
 H - a scarf of resistance
Jewellery
 C - a ring of protection from cold (left hand)
 D - a ring of see invisible (right hand)
 F - an uncursed ring of wizardry
 J - an uncursed ring of resist corrosion
 Q - an uncursed ring of protection from fire {unknown}
Wands
 c - a wand of scattershot (5)
 K - a wand of disintegration (13)
 R - a wand of iceblast (8)
Scrolls
 e - 6 scrolls of fear {!r, unknown}
 h - 7 scrolls of teleportation {!r, unknown}
 l - 8 scrolls of remove curse {!r, unknown}
 m - a scroll of immolation {!r, unknown}
 q - 9 scrolls of identify {!r, unknown}
 s - a scroll of summoning {!r, unknown}
 y - 2 scrolls of silence {!r, unknown}
 B - 3 scrolls of magic mapping {!r, unknown}
 I - a scroll of amnesia {!r, unknown}
 M - a scroll of enchant armour {!r, unknown}
 N - a scroll of vulnerability {!r, unknown}
 S - a scroll of noise {!r, unknown}
 T - a scroll of enchant weapon {!r, unknown}
Potions
 f - 6 potions of lignification {!q, unknown}
 i - 3 potions of flight {!q, unknown}
 k - a potion of might {!q, unknown}
 o - a potion of degeneration {!q, unknown}
 p - 4 potions of curing {!q, unknown}
 u - 3 potions of ambrosia {!q, unknown}
 v - 5 potions of mutation {!q, unknown}
 w - a potion of cancellation {!q, unknown}
 x - 2 potions of heal wounds {!q, unknown}
 z - 2 potions of invisibility {!q, unknown}
 A - 2 potions of haste {!q, unknown}
 E - a potion of magic {!q, unknown}
 O - a potion of resistance {!q, unknown}
 P - a potion of brilliance {!q, unknown}
Comestibles
 d - 11 rations


   Skills:
 + Level 2.0 Fighting
 - Level 4.0 Short Blades
 + Level 2.6 Dodging
 + Level 3.0 Stealth
 - Level 4.1 Shields
 - Level 11.0 Spellcasting
 - Level 0.8 Transmutations
 - Level 11.0 Earth Magic


You had 17 spell levels left.
You knew the following spells:

 Your Spells              Type           Power        Failure   Level  Hunger
a - Stone Arrow           Conj/Erth      ####..       2%          3    None
b - Passwall              Tmut/Erth      ####....     1%          2    None
c - Sandblast             Erth           ######       1%          1    None
d - Lee's Rapid Deconstr  Erth           ######....   2%          5    ####...
e - Petrify               Tmut/Erth      ####....     7%          4    ##.....

Your spell library contained the following spells:

 Spells                   Type           Power        Failure   Level  Hunger
 Apportation              Tloc           ##....       8%          1    None


Dungeon Overview and Level Annotations

Branches:
Dungeon (11/15)            Temple (1/1) D:7            Lair (0/6) D:9
    Orc (0/2) D:11

Altars:
Ashenzari
Elyvilon
Fedhas
Gozag
Hepliaklqana
Kikubaaqudgha
Nemelex Xobeh
Qazlal
Ru
Sif Muna
Trog
Uskayaw
Vehumet
Wu Jian
Xom
Yredelemnul
Zin
The Shining One

Shops:
D:5 :


Innate Abilities, Weirdness & Mutations

Your flesh is heat resistant. (rF+)
You sometimes gain power by taking damage.
You are immune to clouds of flame.
When seriously injured, your bleeding wounds create armour. (AC +6)


Message History

The two-headed ogre hits you but does no damage.
Casting: Stone Arrow (safe; 2% risk of failure)
Confirm with . or Enter, or press ? or * to list all spells.
Aiming: Stone Arrow (safe; 2% risk of failure)
Press: ? - help, Shift-Dir - straight line, f/p - two-headed ogre
Aim: a two-headed ogre, wielding two giant clubs (heavily wounded)
The stone arrow hits the two-headed ogre.
The two-headed ogre is severely wounded.
Unknown command.
Casting: Stone Arrow (safe; 2% risk of failure)
Confirm with . or Enter, or press ? or * to list all spells.
Aiming: Stone Arrow (safe; 2% risk of failure)
Press: ? - help, Shift-Dir - straight line, f/p - two-headed ogre
Aim: a two-headed ogre, wielding two giant clubs (severely wounded)
The stone arrow hits the two-headed ogre.
You kill the two-headed ogre!
Your Fighting skill increases to level 2!
Your Stealth skill increases to level 3!
Unknown command.
Casting: Stone Arrow (safe; 2% risk of failure)
Confirm with . or Enter, or press ? or * to list all spells.
Aiming: Stone Arrow (safe; 2% risk of failure)
Press: ? - help, Shift-Dir - straight line, f - acid dragon
Aim: an acid dragon The stone arrow hits the acid dragon.
The acid dragon is heavily wounded.
The acid dragon spits acid at you. The splash of acid hits you!
* * * LOW HITPOINT WARNING * * *
You focus on the pain.
You feel your power returning.
You are splashed with acid!
The acid burns!
* * * LOW HITPOINT WARNING * * *
Unknown command.
Casting: Stone Arrow (safe; 2% risk of failure)
Confirm with . or Enter, or press ? or * to list all spells.
Aiming: Stone Arrow (safe; 2% risk of failure)
Press: ? - help, Shift-Dir - straight line, f/p - acid dragon
Aim: an acid dragon (heavily wounded, catching its breath)
The stone arrow hits the acid dragon.
The acid dragon is severely wounded.
The acid dragon bites you!
* * * LOW HITPOINT WARNING * * *
You focus on the pain.
You feel very mighty all of a sudden.
The acid dragon claws you but does no damage.
Casting: Stone Arrow (safe; 2% risk of failure)
Confirm with . or Enter, or press ? or * to list all spells.
Aiming: Stone Arrow (safe; 2% risk of failure)
Press: ? - help, Shift-Dir - straight line, f/p - acid dragon
Aim: an acid dragon (severely wounded, catching its breath)
The stone arrow misses the acid dragon.
The acid dragon bites you but does no damage.
You block the acid dragon's attack.
Unknown command.
Casting: Stone Arrow (safe; 2% risk of failure)
Confirm with . or Enter, or press ? or * to list all spells.
Aiming: Stone Arrow (safe; 2% risk of failure)
Press: ? - help, Shift-Dir - straight line, f/p - acid dragon
Aim: an acid dragon (severely wounded, catching its breath)
The stone arrow misses the acid dragon.
The acid dragon bites you but does no damage.
The acid dragon claws you.
You die...
Your body crumbles into a pile of gold.

###.###.....#.#..# #...## #
#...##........##.# #....#
...###.####......#.##.###....#
#..............##......####.#
...#.....#...#.#....###.####.####
####.###.#.......#..# #........<.
.....# #.....#.#....###.####.####
####.###.#....###.......# #.# ##
#.....#.....D@.....### #.#
.#####.###..#####..#### ##(##
.......# #..#####..## ##...##
.####..###..<.<.....######.....##
####.#.....######...............#
###.###.#### ##....######.....##
...## ##...# ##.....#######......
###.###.##.###...............#.##
##.#.###.##.........####...#.#


You could see an acid dragon.

Vanquished Creatures
  3 two-headed ogres
  The ghost of wazuzu the Cleaver, a novice BaWr (D:6)
  An unseen horror (D:10)
  2 cyclopes (D:11)
  A komodo dragon (D:11)
  Grinder (D:3)
  A shadow (D:11)
  The ghost of iamserjio the Chopper, an amateur NaBe of Trog (D:4)
  12 yaks
  A spriggan (D:7)
  A wyvern (D:11)
  A hungry ghost (D:7)
  Edmund (D:4)
  2 water moccasins
  An orc warrior (D:8)
  3 ice beasts
  2 black bears
  An eye of draining (D:10)
  4 sky beasts
  A phantom (D:7)
  5 ogres
  8 centaurs
  5 bullfrogs
  2 scorpions (D:4)
  A howler monkey (D:11)
  5 crimson imps
  A bullfrog zombie (D:10)
  2 lava snakes (D:8)
  2 quasits
  A jelly (D:10)
  3 orc wizards (D:7)
  2 bullfrog skeletons
  3 orc priests
  7 hounds
  7 iguanas
  Natasha (thrice) (D:2)
  8 worker ants
  8 mummies (Ossuary)
  A howler monkey skeleton (D:8)
  Robin (D:3)
  15 adders
  4 gnolls (D:6)
  A shadow imp (D:5)
  2 oozes
  2 adder skeletons
  A worm (D:3)
  3 dart slugs
  8 leopard geckos
  28 orcs
  3 giant cockroaches
  4 gnoll zombies (Ossuary)
  16 goblins
  13 hobgoblins
  14 jackals
  3 quokkas
  A ball python skeleton (D:4)
  7 bats
  A frilled lizard (D:4)
  2 hobgoblin zombies (Ossuary)
  A kobold (D:3)
  A kobold zombie (Ossuary)
  A leopard gecko skeleton (D:9)
  A leopard gecko zombie (D:5)
  An orc zombie (Ossuary)
  8 rats
257 creatures vanquished.

Vanquished Creatures (others)
  A plant (D:9)
1 creature vanquished.

Grand Total: 258 creatures vanquished

Notes
Turn   | Place    | Note
-------+----------+-------------------------------------------
     0 | D:1      | Amnesiac the Demonspawn Earth Elementalist began the quest for the Orb.
     0 | D:1      | Reached XP level 1. HP: 13/13 MP: 3/3
   208 | D:2      | Gained mutation: Your flesh is heat resistant. (rF+) [demonic ancestry]
   208 | D:2      | Reached XP level 2. HP: 17/19 MP: 1/5
   405 | D:3      | Learned a level 2 spell: Passwall
   434 | D:3      | Reached XP level 3. HP: 24/24 MP: 3/6
   798 | D:4      | Reached XP level 4. HP: 6/30 MP: 3/8
  1180 | D:4      | Found a large runed door.
  1180 | D:4      | Found a large runed door.
  1181 | D:4      | Noticed iamserjio's ghost (amateur NaBe)
  1197 | D:4      | Gained mutation: When seriously injured, your bleeding wounds create armour. (AC +6) [demonic ancestry]
  1197 | D:4      | Reached XP level 5. HP: 25/35 MP: 5/9
  1230 | D:4      | Found a shattered altar of Ashenzari.
  1375 | D:4      | Reached skill level 5 in Earth Magic
  1519 | D:4      | Reached XP level 6. HP: 41/41 MP: 7/11
  1528 | D:4      | Learned a level 4 spell: Petrify
  1719 | D:5      | Entered Level 5 of the Dungeon
  1895 | D:5      | Noticed Edmund
  1948 | D:4      | Killed Edmund
  2138 | D:5      | Gained mutation: You sometimes gain a little power by taking damage. [demonic ancestry]
  2138 | D:5      | Reached XP level 7. HP: 43/46 MP: 11/13
  2158 | D:5      | Found Ijeafuoh's Book Shop.
  2397 | D:5      | Learned a level 3 spell: Stone Arrow
  2545 | D:5      | Reached skill level 5 in Spellcasting
  3139 | D:6      | Found a sand-covered staircase.
  3171 | D:6      | Found a runed door.
  3173 | D:6      | Noticed wazuzu's ghost (novice BaWr)
  3184 | D:6      | Found a hazy altar of Hepliaklqana.
  3238 | D:6      | Gained mutation: You sometimes gain power by taking damage. [demonic ancestry]
  3238 | D:6      | Reached XP level 8. HP: 42/52 MP: 5/15
  3519 | D:6      | Found an ornate altar of the Wu Jian Council.
  3609 | Ossuary  | Entered an ossuary
  4214 | D:7      | Found a staircase to the Ecumenical Temple.
  4225 | Temple   | Entered the Ecumenical Temple
  4245 | Temple   | Became a worshipper of Gozag Ym Sagoz the Greedy
  4437 | D:3      | Noticed Robin
  4455 | D:3      | Killed Robin
  4657 | D:3      | Noticed Grinder
  4661 | D:3      | Paralysed by Grinder for 3 turns
  4669 | D:3      | Paralysed by Grinder for 6 turns
  4675 | D:3      | Killed Grinder
  4727 | D:2      | Noticed Natasha
  4729 | D:2      | Killed Natasha
  4729 | D:2      | Noticed Natasha
  4737 | D:2      | Killed Natasha
  4852 | D:2      | Noticed Natasha
  4854 | D:2      | Killed Natasha
  6112 | D:3      | Found a radiant altar of Vehumet.
  6112 | D:3      | Found an ancient bone altar of Kikubaaqudgha.
  6113 | D:3      | Found a deep blue altar of Sif Muna.
  6119 | D:3      | Identified Sif Muna's Compendium of Orientation
  6196 | D:4      | Killed iamserjio's ghost
  6298 | D:7      | Reached XP level 9. HP: 16/57 MP: 2/18
  6790 | D:7      | Found a sacrificial altar of Ru.
  6807 | D:7      | Reached skill level 10 in Earth Magic
  7025 | D:7      | Found a blossoming altar of Fedhas.
  7025 | D:7      | Found a shimmering altar of Xom.
  7349 | D:8      | Found a glowing golden altar of the Shining One.
  8136 | D:9      | Found a stormy altar of Qazlal.
  8137 | D:9      | Found a bloodstained altar of Trog.
  8259 | D:9      | Found a staircase to the Lair.
  8260 | D:9      | Noticed a komodo dragon
  8442 | D:9      | Found a sparkling altar of Nemelex Xobeh.
  8458 | D:9      | Noticed a two-headed ogre
  8464 | D:9      | Killed a two-headed ogre
  8464 | D:9      | Gained mutation: You are immune to clouds of flame. [demonic ancestry]
  8464 | D:9      | Reached XP level 10. HP: 57/63 MP: 2/22
  8603 | D:9      | Found a white marble altar of Elyvilon.
  9024 | D:6      | HP: 1/63 [wazuzu's ghost (20)]
  9027 | D:6      | Killed wazuzu's ghost
  9390 | D:10     | Entered Level 10 of the Dungeon
  9470 | D:10     | Learned a level 5 spell: Lee's Rapid Deconstruction
  9473 | D:10     | Noticed an unseen horror
  9481 | D:10     | Killed an unseen horror
  9481 | D:10     | Reached skill level 10 in Spellcasting
  9950 | D:10     | Reached skill level 1 in Short Blades
 10192 | D:10     | Noticed a two-headed ogre
 10196 | D:10     | Killed a two-headed ogre
 10196 | D:10     | Reached XP level 11. HP: 68/68 MP: 10/26
 10494 | D:11     | Reached skill level 1 in Shields
 11175 | D:11     | Reached skill level 1 in Fighting
 11224 | D:11     | Found a staircase to the Orcish Mines.
 11589 | D:11     | Noticed a two-headed ogre
 11602 | D:11     | Killed a two-headed ogre
 11604 | D:11     | HP: 3/72 [acid dragon (13)]
 11606 | D:11     | Slain by an acid dragon

Vault maps used:
D:1:      lightli_arrival_noodles
D:2:      uniq_natasha
D:3:      grunt_temple_overflow_magic_moments, first_ration, uniq_robin,
          uniq_grinder
D:4:      nicolae_overflow_hidden_temple, ebering_ghost_disaster_area
D:5:      serial_shops, nicolae_shop_stone, uniq_edmund
D:6:      kennysheep_mini, ebering_ghost_sewer_d, enter_ossuary_1, basic_altar
D:7:      gammafunk_temple_overflow_pools, minmay_temple_entry_mist, the_bakery,
          nicolae_ru_sacrificial_ziggurat
D:8:      tso_altar, kennysheep_dice
D:9:      kennysheep_mini_moat, old_standard_altar, grunt_qazlal_sundering,
          elyvilon_altar_1, david_lair_shrubbed
D:11:     orc_0_dummy
Temple:   eino_wide_crystal_templ
Ossuary:  ossuary_tomb_3

Skill      XL: |  1  2  3  4  5  6  7  8  9 10 11 |
---------------+----------------------------------+-----
Earth Magic    | 3 4 5 6 7 9 11 | 11.0
Spellcasting   | 3 4 5 6 8 11 | 11.0
Stealth        | 2 3 |  3.0
Short Blades   | 3 4 |  4.0
Shields        | 4 |  4.1
Dodging        | 2 |  2.6
Fighting       | 2 |  2.0
Transmutations | |  0.8

Action                   |  1- 3 |  4- 6 |  7- 9 | 10-12 || total
-------------------------+-------+-------+-------+-------++-------
Melee: Unarmed           |    17 |       |     4 |       ||    21
       Dagger            |       |       |    39 |   356 ||   395
 Fire: Arbalest          |     2 |    35 |   314 |       ||   351
Throw: Stone             |       |       |    20 |       ||    20
 Cast: Sandblast         |    26 |    38 |    20 |       ||    84
       Passwall          |       |     2 |       |     2 ||     4
       Petrify           |       |     3 |       |    11 ||    14
       Stone Arrow       |       |       |   112 |    60 ||   172
       Lee's Rapid Decon |       |       |       |    10 ||    10
 Stab: Petrified         |       |       |       |    33 ||    33
       Distracted        |       |       |       |     2 ||     2
       Sleeping          |       |       |       |     3 ||     3
  Eat: Chunk             |       |     5 |     5 |       ||    10
       Ration            |       |       |     6 |     4 ||    10
Armor: Robe              |     3 |    10 |   100 |       ||   113
       Leather armour    |       |       |    18 |   128 ||   146
Dodge: Dodged            |    16 |    26 |   195 |   158 ||   395
Block: Buckler           |       |       |       |     3 ||     3

Table legend:
 A = Spawn XP
 B = Non-spawn XP
 C = Spawn XP percentage of total XP
 D = Spawn monster count
 E = Non-spawn monster count
 F = Spawn count percentage of total count
 G = Total turns spent on level
                    A         B        C        D         E        F      G
               +---------+---------+-------+---------+---------+-------+---------
         Total |       0 |   16119 |   0.0 |       0 |     257 |   0.0 | 11606
               +---------+---------+-------+---------+---------+-------+---------
           D:1 |       0 |      47 |   0.0 |       0 |      22 |   0.0 |   965
           D:2 |       0 |     174 |   0.0 |       0 |      22 |   0.0 |   783
           D:3 |       0 |     415 |   0.0 |       0 |      30 |   0.0 |   799
           D:4 |       0 |     804 |   0.0 |       0 |      22 |   0.0 |  1414
           D:5 |       0 |     688 |   0.0 |       0 |      14 |   0.0 |   874
           D:6 |       0 |    1158 |   0.0 |       0 |      13 |   0.0 |  1269
           D:7 |       0 |    1441 |   0.0 |       0 |      27 |   0.0 |   929
           D:8 |       0 |     813 |   0.0 |       0 |      21 |   0.0 |   940
           D:9 |       0 |    1441 |   0.0 |       0 |      13 |   0.0 |   996
          D:10 |       0 |    4482 |   0.0 |       0 |      23 |   0.0 |  1266
          D:11 |       0 |    4459 |   0.0 |       0 |      33 |   0.0 |   902
        Temple |       0 |      43 |   0.0 |       0 |       1 |   0.0 |    50
       Ossuary |       0 |     154 |   0.0 |       0 |      16 |   0.0 |   419
               +---------+---------+-------+---------+---------+-------+---------
